AoeStats
← Amauta

MegaRandom

509764109Analyzed
4v4 RM · 3d ago on Sep 27, 2026· 32m 34s· 8 players
Game mode
Random Map
Map size
Large (8 player)
Population
200
Speed
Normal
Resources
Standard
Victory
Conquest
Starting age
Dark Age
Ending age
Imperial Age
RankedLock teamsTeams togetherTeam positionsShared explorationLock speedFull tech treeHidden civsTurbo modeCheats
Victory
Defeat
🇺🇸 Malians · United States
1362
+10
🇺🇸 Cumans · United States
1319
+11
🇬🇧 Saracens · United Kingdom
1317
+11
🇨🇱 Maya · Chile
1311
+11
🇦🇷 Varangians · Argentina
1242
-12
🇦🇷 Georgians · Argentina
1228
-11
🇦🇷 Mongols · Argentina
1199
-10
🇦🇷 Ethiopians · Argentina
1180
-10
Amauta
7:58 Loom
10:32 Feudal Age
11:03 Double-Bit Axe
15:03 Fletching
15:59 Horse Collar
20:17 Castle Age
19:55 Gold Mining
20:30 Scale Barding Armor
20:50 Stone Mining
23:43 Forging
24:42 Bloodlines
26:07 Husbandry
29:24 Chain Barding Armor
30:18 Iron Casting
TheProwler
9:07 Loom
11:14 Feudal Age
11:57 Double-Bit Axe
15:59 Horse Collar
18:27 Wheelbarrow
21:58 Castle Age
21:57 Forging
22:11 Bloodlines
24:09 Iron Casting
23:44 Scale Barding Armor
24:04 Bow Saw
23:56 Heavy Plow
24:13 Hand Cart
27:25 Gold Mining
28:44 Chain Barding Armor
34:03 Imperial Age
··gatoroñoso··
0:28 Loom
11:31 Feudal Age
12:09 Double-Bit Axe
15:58 Fletching
22:15 Castle Age
22:54 Bodkin Arrow
22:21 Crossbowman
23:28 Thumb Ring
26:32 Ballistics
28:01 Padded Archer Armor
30:36 Leather Archer Armor
abli30
11:42 Feudal Age
11:45 Loom
15:19 Castle Age
13:14 Double-Bit Axe
13:27 Horse Collar
16:13 Bow Saw
16:57 Wheelbarrow
16:42 Loom
17:21 Heavy Plow
21:58 Stone Mining
22:01 Gold Mining
23:03 Hand Cart
23:53 Gold Shaft Mining
27:42 Imperial Age
25:21 Fletching
26:05 Ballistics
25:58 Bodkin Arrow
26:04 Crossbowman
26:46 Padded Archer Armor
26:57 Thumb Ring
28:01 Leather Archer Armor
28:27 Bracer
30:00 Chemistry
28:30 Arbalester
29:46 Siege Engineers
31:06 Ring Archer Armor
31:54 Masonry
The Wax
6:42 Loom
9:55 Feudal Age
10:22 Double-Bit Axe
10:21 Horse Collar
19:33 Castle Age
18:25 Bloodlines
19:17 Scale Barding Armor
21:53 Husbandry
22:54 Forging
24:05 Chain Barding Armor
28:12 Iron Casting
30:01 Fletching
30:15 Light Cavalry
cachetada-de-travesti
10:12 Feudal Age
8:31 Loom
19:47 Castle Age
18:52 Wheelbarrow
18:03 Double-Bit Axe
19:20 Horse Collar
21:06 Fletching
21:16 Padded Archer Armor
29:27 Pikeman
30:08 Squires
30:57 Forging
30:47 Scale Mail Armor
30:42 Bodkin Arrow
31:03 Leather Archer Armor
MrCochinote
11:17 Feudal Age
17:06 Castle Age
26:27 Demolition Ship
ERUCTO DE SALAME
10:31 Feudal Age
11:08 Loom
14:35 Castle Age
15:10 Double-Bit Axe
15:13 Horse Collar
18:47 Heavy Plow
19:02 Bow Saw
20:07 Town Watch
22:28 Wheelbarrow
26:25 Hand Cart
29:31 Imperial Age
27:51 Scale Barding Armor
28:24 Husbandry
28:35 Bloodlines
29:03 Chain Barding Armor
30:20 Forging
30:53 Conscription
31:09 Plate Barding Armor
30:28 Elite Monaspa
32:29 Iron Casting
31:24 Light Cavalry
Connection lost

Rejoining the realm…

Still unreachable

The connection could not be restored.

Session expired

The server has moved on; the page needs a fresh start.